 Dungeon Crawl Stone Soup version 0.29.1-13-g9f3cf754e1 (webtiles) character file.

Game seed: 14532937777125759195

27 Descartes the Shield-Bearer (level 3, 0/29 HPs)
             Began as a Formicid Fighter on Feb 1, 2023.
             Slain by a quokka (4 damage)
             ... on level 2 of the Dungeon.
             The game lasted 00:01:25 (960 turns).

Descartes the Shield-Bearer (Formicid Fighter)       Turns: 960, Time: 00:01:25

Health: 0/29       AC:  6    Str: 22    XL:     3   Next: 25%
Magic:  3/3        EV:  9    Int:  7    God:
Gold:   37         SH:  5    Dex: 13    Spells: 2/2 levels left

rFire   . . .      SeeInvis +   a - +0 war axe
rCold   . . .      Faith    .   c - +0 buckler
rNeg    . . .      Spirit   .   b - +0 scale mail
rPois   .          Reflect  .   (helmet unavailable)
rElec   .          Harm     .   (no cloak)
rCorr   .          Rampage  .   (no gloves)
Will    .....                   (no boots)
Stlth   ..........              (no amulet)
HPRegen 0.09/turn               (no ring)
MPRegen 0.08/turn               (no ring)

@: no status effects
A: permanent stasis, dig shafts and tunnels, antennae 3, four strong arms
a: Dig, Shaft Self


You were on level 2 of the Dungeon.
You visited 1 branch of the dungeon, and saw 2 of its levels.

You collected 37 gold pieces.

Inventory:

Hand Weapons
 a - a +0 war axe (weapon)
Armour
 b - a +0 scale mail (worn)
 c - a +0 buckler (worn)
Jewellery
 i - an amulet of regeneration
Scrolls
 e - a scroll of identify {unknown}
Potions
 d - a potion of might
 f - a potion of flight {unknown}
 g - a potion of haste {unknown}
 h - 3 potions of brilliance {unknown}


   Skills:
 + Level 3.6 Fighting
 + Level 2.3 Axes
 + Level 3.5 Armour
 + Level 4.3 Shields
 + Level 1.1 Evocations


You had 2 spell levels left.
You didn't know any spells.
Your spell library was empty.

Dungeon Overview and Level Annotations

Branches:
Dungeon (2/15)

Altars:


Innate Abilities, Weirdness & Mutations

You cannot be hasted, slowed, berserked, paralysed or teleported.
You can dig through walls and to a lower floor.
You have a pair of large antennae on your head. (SInv)
Your four strong arms can wield two-handed weapons with a shield.


Message History

The adder is almost dead.
You barely miss the quokka.
You feel sick.
You are no longer poisoned.
You block the adder's attack. The quokka bites you. The adder bites you.
You are poisoned.
The adder poisons you! You block the quokka's attack.
You are too injured to fight recklessly!
Unknown command.
You are too injured to fight recklessly!
Unknown command.
You closely miss the quokka.
The quokka is almost dead.
You hit the adder.
You kill the adder!
* * * LOW HITPOINT WARNING * * *
You feel sick.
The quokka bites you but does no damage.
The quokka closely misses you.
Your Evocations skill increases to level 1!
You have reached level 3!
Your experience leads to an increase in your attributes!
Increase (S)trength, (I)ntelligence, or (D)exterity?
You feel stronger. x2
You barely miss the quokka.
The quokka is almost dead.
You feel sick. The quokka barely misses you.
You barely miss the quokka.
The quokka is almost dead.
You feel sick. The quokka misses you.
The quokka bites you but does no damage.
Unknown command.
You closely miss the quokka.
The quokka is almost dead.
You feel sick.
You are no longer poisoned.
The quokka barely misses you. The quokka closely misses you.
You barely miss the quokka.
The quokka is almost dead.
The quokka bites you.
You die...

# #.###########
#....#......#
####<#......#
####.#.....)#
#...........#
##.##)#.......#
#.....#.....(.#
#.@####..#.##.#
#r†# ....... #
#... ....###.
#.### ....# #.
#..# .. #. ##


You could see a quokka.

Vanquished Creatures
  An adder (D:2)
  3 bats (D:1)
  An endoplasm (D:1)
  2 goblins (D:1)
  4 hobgoblins (D:1)
  2 ball pythons (D:1)
  2 frilled lizards (D:1)
  2 rats (D:1)
17 creatures vanquished.

Notes
Turn   | Place    | Note
-------+----------+-------------------------------------------
     0 | D:1      | Descartes the Formicid Fighter began the quest for the Orb.
     0 | D:1      | Reached XP level 1. HP: 18/18 MP: 1/1
   381 | D:1      | Reached XP level 2. HP: 21/24 MP: 2/2
   957 | D:2      | Reached skill level 1 in Evocations
   957 | D:2      | Reached XP level 3. HP: 9/29 MP: 3/3
   960 | D:2      | Slain by a quokka

Illustrated notes

Levels and vault maps discovered:
D:1:      wander_arrival_estate, layout_basic
D:2:      layout_loops_cross, hellmonk_ecumenical_altar_defaced_shrine,
          uniq_sigmund

Skill      XL: |  1  2 |
---------------+-------+-----
Evocations     | 1 |  1.1
Fighting       | |  3.6
Axes           | |  2.3
Armour         | |  3.5
Shields        | |  4.3

Action                   || total
-------------------------++-------
Melee: War axe           ||    41
Armor: Scale mail        ||    25
Dodge: Dodged            ||    25
Block: Buckler           ||    14
